 Dungeon Crawl Stone Soup version 0.19-a0-658-gf2c134a (webtiles) character file.

152 AlphabetPasta the Grasshopper (level 5, -5/40 HPs)
             Began as a Demonspawn Warper on June 15, 2016.
             Killed from afar by an orc wizard (10 damage)
             ... with a magic dart
             ... on level 3 of the Dungeon.
             The game lasted 00:07:46 (2676 turns).

AlphabetPasta the Grasshopper (Demonspawn Warper)   Turns: 2676, Time: 00:07:46

Health: -5/40      AC:  3    Str: 12    XL:     5   Next: 11%
Magic:  8/8        EV: 12    Int: 15    God:
Gold:   238        SH:  0    Dex: 12    Spells: 3 memorised, 3 levels left

rFire  . . .     SeeInvis .     a - +0 spear
rCold  . . .     Gourm    .     b - +0 leather armour
rNeg   . . .     Faith    .     (no shield)
rPois  .         Spirit   .     (helmet restricted)
rElec  .         Dismiss  .     (no cloak)
rCorr  .         Reflect  .     (no gloves)
SustAt .         Harm     .     (no boots)
MR     .....                    (no amulet)
Stlth  +.........               (no ring)
                                (no ring)

@: not resistant to hostile enchantments, very unstealthy
A: antennae 1, claws 1
a: no special abilities


You were on level 3 of the Dungeon.
You were not hungry.

You visited 1 branch of the dungeon, and saw 3 of its levels.

You collected 238 gold pieces.

Inventory:

Hand Weapons
 a - a +0 spear (weapon)
Missiles
 e - 5 tomahawks of dispersal (quivered)
 p - 10 poisoned needles
Armour
 b - a +0 leather armour (worn)
Scrolls
 d - 2 scrolls of blinking
 h - a scroll of amnesia {unknown}
 i - a scroll of noise {unknown}
 l - a scroll of teleportation {unknown}
 n - a scroll of remove curse {unknown}
 q - a scroll of enchant weapon {unknown}
Potions
 g - 2 potions of curing {unknown}
 j - a potion of agility {unknown}
 m - a potion of lignification {unknown}
 r - a potion of might {unknown}
 s - a potion of brilliance {unknown}
Books
 c - a book of Spatial Translocations

   Spells                             Type                      Level
   a - Apportation                    Translocation                1
   b - Blink                          Translocation                2
   c - Shroud of Golubria             Charms/Translocation         2
   d - Portal Projectile              Translocation                3
   e - Teleport Other                 Translocation                3
   f - Passage of Golubria            Translocation                4
Comestibles
 f - 4 bread rations
 k - 3 meat rations
 o - 6 chunks of flesh


   Skills:
 + Level 2.9 Fighting
 * Level 3.0 Polearms
 - Level 0.8 Throwing
 + Level 1.6 Armour
 + Level 2.2 Dodging
 + Level 2.3 Spellcasting
 + Level 3.3 Translocations


You had 3 spell levels left.
You knew the following spells:

 Your Spells              Type           Power        Failure   Level  Hunger
a - Apportation           Tloc           ##........   10%         1    #......
b - Blink                 Tloc           N/A          14%         2    ###....
c - Shroud of Golubria    Chrm/Tloc      #.........   24%         2    ###....


Dungeon Overview and Level Annotations

Branches:
Dungeon (3/15)

Altars:


Innate Abilities, Weirdness & Mutations

You have a pair of small antennae on your head.
You have sharp fingernails.


Message History

An orc comes into view.
You barely miss the orc wizard.
The orc wizard is almost dead.
The orc wizard closely misses you.
You hit the orc wizard.
You kill the orc wizard!
Your Polearms skill increases to level 3!
You have reached level 5!
The orc warrior hits you from afar with a glaive!!
Ouch! That really hurt!
* * * LOW HITPOINT WARNING * * *
An orc wizard comes into view. It is wielding a dagger.
The orc wizard casts a spell.
The orc wizard flickers and vanishes!
Deactivating autopickup; reactivate with Ctrl-A.
A hobgoblin comes into view.
The hobgoblin shouts!
A magic dart appears from out of thin air!
The magic dart hits you!
You die...

#.>............#
#.#..............#
#................##
#.....#...........#
#.....##..........##
##...# #......<....###
+...................#
#.....g...###.....#.#
.#[..........@....#.#
#.#............#####.#
..#.........o......#
..####......o#######
#.....).# #.....#..
#####.#.## #{#.# #.#.#


You could see an orc warrior, an orc and a hobgoblin.

Vanquished Creatures
  A hound (D:3)
  An orc wizard (D:3)
  2 adders (D:2)
  3 dart slugs
  2 giant geckos
  7 giant cockroaches
  9 goblins
  7 hobgoblins
  10 jackals
  A quokka (D:2)
  6 bats
  5 kobolds
  10 rats
64 creatures vanquished.

Notes
Turn   | Place    | Note
--------------------------------------------------------------
     0 | D:1      | AlphabetPasta the Demonspawn Warper began the quest for the Orb.
     0 | D:1      | Reached XP level 1. HP: 16/16 MP: 3/3
    30 | D:1      | Reached skill level 1 in Armour
   143 | D:1      | Gained mutation: You have sharp fingernails. [demonic ancestry]
   143 | D:1      | Reached XP level 2. HP: 22/22 MP: 5/5
   147 | D:1      | Learned a level 2 spell: Blink
   150 | D:1      | Learned a level 2 spell: Shroud of Golubria
   549 | D:1      | Reached XP level 3. HP: 27/27 MP: 6/6
  1566 | D:2      | Gained mutation: You have a pair of small antennae on your head. [demonic ancestry]
  1566 | D:2      | Reached XP level 4. HP: 14/34 MP: 7/7
  2669 | D:3      | Noticed an orc warrior
  2673 | D:3      | Reached XP level 5. HP: 34/40 MP: 8/8
  2676 | D:3      | Killed from afar by an orc wizard

Vault maps used:
D:1:      nicolae_arrival_somewhat_less_tricky_arrival
D:2:      first_bread
D:3:      serial_forest, infiniplex_forest_lined_1,
          infiniplex_forest_clump_long, infiniplex_forest_clump_double,
          infiniplex_forest_clump_double, infiniplex_forest_clump_diagonal

Skill      XL: |  1  2  3  4 |
---------------+-------------+-----
Armour         | 1 |  1.6
Polearms       | 2 3 |  3.0
Dodging        | 2 |  2.2
Translocations | 3 |  3.3
Fighting       | |  2.9
Throwing       | |  0.8
Spellcasting   | |  2.3

Action                   |  1- 3 |  4- 6 || total
-------------------------+-------+-------++-------
Melee: Spear             |   200 |   102 ||   302
 Cast: Shroud of Golubri |       |     1 ||     1
 Stab: Sleeping          |     1 |     1 ||     2
       Distracted        |     1 |       ||     1
  Eat: Chunk             |     2 |     4 ||     6
Armor: Leather armour    |    39 |    13 ||    52
Dodge: Dodged            |    99 |    48 ||   147
